 Dungeon Crawl Stone Soup version 0.25.1-8-g42b30a86e7 (webtiles) character file.

Game seed: 684742062594501833

9237 Clowwww the Cleaver (level 11, -8/83 HPs)
             Began as a Demonspawn Fighter on Dec 27, 2020.
             Was a Believer of Okawaru.
             Mangled by Quickbrownfox's ghost (10 damage)
             ... while paralysed by a +1 halberd of chaos
             ... on level 10 of the Dungeon.
             The game lasted 00:30:06 (11856 turns).

Clowwww the Cleaver (Demonspawn Fighter)           Turns: 11856, Time: 00:30:06

Health: -8/83      AC: 22    Str: 20    XL:     11   Next: 20%
Magic:  9/11       EV:  2    Int: 10    God:    Okawaru [**....]
Gold:   618        SH:  0    Dex: 12    Spells: 10/10 levels left

rFire    . . .     SeeInvis .   a - +1 war axe (vorpal)
rCold    + + .     Gourm    .   c - +0 kite shield
rNeg     + + .     Faith    .   v - +3 scale mail {rC+}
rPois    .         Spirit   .   b - +0 helmet
rElec    .         Reflect  +   G - +0 cloak
rCorr    .         Harm     .   D - +0 pair of gloves
MR       .....                  (no boots)
Stlth    ++........             s - amulet of reflection
HPRegen  0.23/turn              o - ring of positive energy
MPRegen  0.12/turn              n - ring of positive energy

@: paralysed, heroism, sanguine armour, slowed, lightly drained
A: talons 1, cold resistance 1, spiny 1, sanguine armour 1
a: Heroism, Renounce Religion


You were on level 10 of the Dungeon.
You worshipped Okawaru.
Okawaru was pleased with you.
You were not hungry.

You visited 2 branches of the dungeon, and saw 11 of its levels.
You also visited: Sewer and Ossuary.

You collected 618 gold pieces.

Inventory:

Hand Weapons
 a - a +1 vorpal war axe (weapon)
 H - the +4 trident of the Wary Curses {venom, Int+4, unknown}
   (You found it on level 6 of the Dungeon)

   It poisons the flesh of those it strikes.
   It affects your intelligence (+4).
Missiles
 x - 7 boomerangs (quivered)
 C - 2 throwing nets
Armour
 b - a +0 helmet (worn)
 c - a +0 kite shield (worn)
 v - a +3 scale mail of cold resistance (worn)
 D - a +0 pair of gloves (worn)
 G - a +0 cloak (worn)
Jewellery
 h - an uncursed ring of ice
 n - a ring of positive energy (right hand)
 o - a ring of positive energy (left hand)
 q - an uncursed ring of fire
 s - an amulet of reflection (around neck)
 y - an uncursed ring of wizardry
Wands
 d - a wand of random effects (17)
 t - a wand of polymorph (17)
 w - a wand of iceblast (11)
 E - a wand of clouds (4)
 I - a wand of flame (20)
Scrolls
 g - 3 scrolls of fear
 i - 3 scrolls of immolation
 k - 9 scrolls of teleportation
 l - 2 scrolls of blinking
 A - 2 scrolls of amnesia
 M - 3 scrolls of remove curse
 O - 2 scrolls of identify
Potions
 e - 3 potions of stabbing
 j - a potion of invisibility
 m - a potion of mutation
 p - 2 potions of magic
 r - 3 potions of curing
 u - 5 potions of heal wounds
 z - 3 potions of lignification
 B - a potion of cancellation
 F - a potion of berserk rage
 J - 2 potions of haste
 K - a potion of flight {unknown}
 L - a potion of degeneration {unknown}
Comestibles
 f - 15 rations


   Skills:
 + Level 6.9(11.8) Fighting
 + Level 10.4(15.3) Axes
 + Level 3.9(8.8) Throwing
 + Level 6.3(11.2) Armour
 + Level 4.2(9.1) Dodging
 + Level 0.9(5.8) Stealth
 + Level 7.6(12.5) Shields
 + Level 0.3(0.2) Invocations


You had 10 spell levels left.
You didn't know any spells.
Your spell library contained the following spells:

 Spells                   Type           Power        Failure   Level  Hunger
 Confusing Touch          Hex            #.......     98%         3    ####...
 Gell's Gravitas          Tloc           #.........   98%         3    ####...
 Petrify                  Tmut/Erth      #.......     100%        4    #####..
 Metabolic Englaciation   Hex/Ice        #.........   100%        5    ######.
 Yara's Violent Unravell  Hex/Tmut       #.........   100%        5    ######.


Dungeon Overview and Level Annotations

Branches:
Dungeon (10/15)            Temple (1/1) D:7             Orc (0/2) D:9
  Sewer (visited)         Ossuary (visited)
   Lair: D:8-11

Altars:
Ashenzari
Cheibriados
Dithmenos
Elyvilon
Fedhas
Gozag
Hepliaklqana
Kikubaaqudgha
Makhleb
Nemelex Xobeh
Okawaru
Qazlal
Ru
Sif Muna
Trog
Uskayaw
Vehumet
Wu Jian
Xom
Yredelemnul
Zin
The Shining One

Annotations:
D:10 Quickbrownfox's ghost, novice GrIE


Innate Abilities, Weirdness & Mutations

You have sharp toenails.
Your flesh is cold resistant. (rC+)
You are partially covered in sharp spines.
When seriously injured, your bleeding wounds create armour. (AC +6)


Message History

The +1 halberd of chaos hits you but does no damage. x2
You suddenly lose the ability to move!
Quickbrownfox's ghost points at you and mumbles some strange words.
You are frozen.
The +1 halberd of chaos hits you from afar.
You feel yourself slow down. Quickbrownfox's ghost hits you.
Quickbrownfox's ghost burns you.
* * * LOW HITPOINT WARNING * * *
The +1 halberd of chaos hits you but does no damage.
Quickbrownfox's ghost hits you but does no damage.
The +1 halberd of chaos hits you from afar!
* * * LOW HITPOINT WARNING * * *
Quickbrownfox's ghost points at you and mumbles some strange words.
You are frozen.
The +1 halberd of chaos hits you from afar!
* * * LOW HITPOINT WARNING * * *
You partially resist.
You feel drained.
* * * LOW HITPOINT WARNING * * *
Quickbrownfox's ghost hits you!
You die...

...# ####........#
...###..'........#
...#...##........#
...'.####........# * ...###
#......###*************** ...#
#.....##.##,,,,,,,,,,,,,, ...#
#.....#(_$#************** ...#
#.....##W### '### #.......@..# .#
#####+...### #### #.#### ...# #.*
##.# #.** ******* ...# #.,*
*,,,,,* ##.#
**##,*********,,,,,**** .#.#
*,,,,,,,,,,<,,,,,,,,,,,
.#.#*******,**,*********,,,,,****


You could see a +1 halberd of chaos and Quickbrownfox's ghost.

Vanquished Creatures
  A two-headed ogre (D:9)
  The ghost of lasso the Cleaver, a novice MiFi of Hepliaklqana (D:8)
  A cyclops (D:8)
  Maggie (D:6)
  Grinder (D:4)
  2 hippogriffs
  Sigmund (D:2)
  A wraith (D:10)
  3 hungry ghosts (D:9)
  Edmund (D:6)
  Duvessa (D:6)
  5 orc warriors
  A sky beast (D:8)
  2 ice beasts
  A phantom (D:7)
  2 black bears
  4 ogres
  2 necrophages
  3 centaurs
  12 big kobolds
  5 bullfrogs
  Dowan (D:6)
  3 water moccasin zombies (Ossuary)
  4 scorpions
  A wyvern skeleton (D:4)
  3 troll zombies (D:9)
  8 wights
  7 howler monkeys
  3 crimson imps
  5 hounds
  5 jellies
  6 orc priests
  A centaur skeleton (D:6)
  A bullfrog skeleton (D:6)
  Crazy Yiuf (D:6)
  Natasha (thrice) (D:4)
  An iguana (D:9)
  7 orc wizards
  3 worker ants
  3 big kobold zombies (Ossuary)
  5 ogre zombies (D:9)
  A hound skeleton (D:6)
  2 mummies (Ossuary)
  A howler monkey zombie (D:9)
  17 adders
  7 gnolls (D:5)
  3 river rats
  A shadow imp (D:5)
  3 oozes (Sewer)
  4 adder zombies (Ossuary)
  2 adder skeletons
  6 worms
  2 dart slugs (D:1)
  8 leopard geckos
  38 orcs
  3 ball pythons
  3 giant cockroaches
  A gnoll zombie (Ossuary)
  40 goblins
  24 hobgoblins
  7 jackals
  19 kobolds
  4 quokkas
  8 bats
  A frilled lizard (D:5)
  3 goblin skeletons (D:9)
  A goblin zombie (D:9)
  5 hobgoblin zombies
  8 kobold zombies (Ossuary)
  3 orc skeletons (D:9)
  20 orc zombies
  2 quokka skeletons (D:6)
  11 rats
380 creatures vanquished.

Notes
Turn   | Place    | Note
-------+----------+-------------------------------------------
     0 | D:1      | Clowwww the Demonspawn Fighter began the quest for the Orb.
     0 | D:1      | Reached XP level 1. HP: 18/18 MP: 1/1
   341 | D:1      | Gained mutation: Your flesh is cold resistant. (rC+)
                  | [demonic ancestry]
   341 | D:1      | Reached XP level 2. HP: 24/24 MP: 2/2
   896 | D:2      | Reached skill level 2 in Axes
   973 | D:2      | Gained mutation: When seriously injured, your bleeding
                  | wounds create armour. (AC +6) [demonic ancestry]
   973 | D:2      | Reached XP level 3. HP: 29/29 MP: 3/3
  1195 | D:2      | HP: 1/29 [poisoned by an adder]
  1400 | D:2      | Noticed Sigmund
  1429 | D:2      | Killed Sigmund
  1429 | D:2      | Reached skill level 3 in Axes
  1429 | D:2      | Reached skill level 1 in Dodging
  1429 | D:2      | Reached XP level 4. HP: 18/37 MP: 4/4
  1429 | D:2      | Reached XP level 5. HP: 21/42 MP: 5/5
  1688 | D:2      | Found a hazy altar of Hepliaklqana.
  2102 | D:3      | Found a stormy altar of Qazlal.
  2429 | D:3      | Gained mutation: You have sharp toenails. [demonic
                  | ancestry]
  2429 | D:3      | Reached XP level 6. HP: 48/48 MP: 6/6
  2790 | D:3      | Reached skill level 4 in Axes
  3159 | D:4      | Noticed Grinder
  3174 | D:4      | Killed Grinder
  3174 | D:4      | Reached XP level 7. HP: 39/54 MP: 7/7
  3361 | D:4      | Found a glowing drain.
  3361 | D:4      | Noticed Natasha
  3371 | Sewer    | Entered a sewer
  3585 | Sewer    | Reached skill level 5 in Axes
  4254 | Sewer    | Reached XP level 8. HP: 57/61 MP: 8/8
  4598 | D:4      | Killed Natasha
  4598 | D:4      | Reached skill level 6 in Axes
  4686 | D:4      | Noticed Natasha
  4692 | D:4      | Killed Natasha
  5092 | D:4      | Reached skill level 5 in Fighting
  5291 | D:4      | Noticed Natasha
  5299 | D:4      | Killed Natasha
  5386 | D:4      | Found a stormy altar of Qazlal.
  5390 | D:4      | Found a glowing silver altar of Zin.
  5391 | D:4      | Found a radiant altar of Vehumet.
  5432 | D:5      | Entered Level 5 of the Dungeon
  5528 | D:5      | Found a blossoming altar of Fedhas.
  5528 | D:5      | Found a glowing golden altar of the Shining One.
  5845 | D:5      | Reached skill level 1 in Throwing
  6084 | D:5      | Reached skill level 5 in Armour
  6095 | D:5      | Reached skill level 5 in Shields
  6098 | D:5      | Reached skill level 7 in Axes
  6098 | D:5      | Gained mutation: You are partially covered in sharp spines.
                  | [demonic ancestry]
  6098 | D:5      | Reached XP level 9. HP: 44/68 MP: 9/9
  6860 | D:6      | Noticed Edmund
  6871 | D:6      | Killed Edmund
  6916 | D:6      | Noticed Maggie
  6931 | D:6      | Killed Maggie
  7027 | D:6      | Found a snail-covered altar of Cheibriados.
  7126 | D:6      | Noticed Duvessa
  7126 | D:6      | Noticed Dowan
  7145 | D:6      | Killed Duvessa
  7148 | D:6      | Killed Dowan
  7148 | D:6      | Reached skill level 8 in Axes
  7318 | D:6      | Found a runed translucent door.
  7319 | D:6      | Noticed Crazy Yiuf
  7325 | D:6      | Killed Crazy Yiuf
  7516 | D:6      | Got a shimmering trident
  8251 | D:7      | Found a staircase to the Ecumenical Temple.
  8267 | D:7      | Reached XP level 10. HP: 60/76 MP: 10/10
  8297 | Temple   | Entered the Ecumenical Temple
  8780 | D:7      | Found a shattered altar of Ashenzari.
  8886 | D:8      | Found an iron altar of Okawaru.
  8894 | D:8      | Became a worshipper of Warmaster Okawaru
  9145 | D:8      | Found a sand-covered staircase.
  9153 | Ossuary  | Entered an ossuary
  9257 | Ossuary  | Reached skill level 9 in Axes
  9471 | D:8      | Reached * piety under Okawaru
  9564 | D:8      | Found a runed translucent door.
  9565 | D:8      | Noticed a cyclops
  9565 | D:8      | Noticed lasso's ghost (novice MiFi)
  9614 | D:8      | Killed lasso's ghost
  9622 | D:8      | Killed a cyclops
 10256 | D:9      | Reached ** piety under Okawaru
 10378 | D:9      | Found a staircase to the Orcish Mines.
 10396 | D:9      | Reached skill level 10 in Axes
 10484 | D:9      | Reached XP level 11. HP: 52/83 MP: 11/11
 10796 | D:9      | Noticed a two-headed ogre
 10813 | D:9      | Killed a two-headed ogre
 11082 | D:9      | Found a sparkling altar of Nemelex Xobeh.
 11083 | D:9      | Found a bloodstained altar of Trog.
 11401 | D:10     | Entered Level 10 of the Dungeon
 11847 | D:10     | Found a runed translucent door.
 11847 | D:10     | Found a shimmering altar of Xom.
 11847 | D:10     | Noticed a +1 halberd of chaos
 11847 | D:10     | Noticed Quickbrownfox's ghost (novice GrIE)
 11852 | D:10     | Paralysed by a +1 halberd of chaos for 5 turns
 11856 | D:10     | HP: 3/83 [+1 halberd of chaos (12)]
 11856 | D:10     | Mangled by Quickbrownfox's ghost

Illustrated notes

Levels and vault maps discovered:
D:1:      onia_arrival_mini_maze_b, layout_basic
D:2:      layout_basic, marbit_many_paths, minmay_tall_x, uniq_sigmund
D:3:      layout_loops_ring, first_ration, nicolae_qazlal_eye_of_the_storm
D:4:      minmay_diamond_boxcup, layout_rooms, minitemple,
          cheibrodos_sewer_entry_sluice, uniq_natasha, uniq_grinder
D:5:      minmay_goblin_kobold_castle, layout_gridville,
          gammafunk_temple_overflow_elements, lightli_corner_chamber
D:6:      layout_gridville, basic_altar, uniq_maggie, uniq_duvessa, uniq_edmund,
          uniq_crazy_yiuf_cottage
D:7:      layout_rooms, kennysheep_mini_moat, minmay_temple_entry_tees
D:8:      layout_gridville, kennysheep_okawaru_gauntlet,
          ebering_ghost_inner_flame, nicolae_ossuary_entry_monument
D:9:      layout_stronghold, gammafunk_temple_overflow_statue, zombieorc2_lemuel
D:10:     layout_roguey [special_room_orc], ebering_ghost_xom
Temple:   chequers_temple_sunken

Skill      XL: |  1  2  3  4  5  6  7  8  9 10 |
---------------+-------------------------------+-----
Axes           | 2 3 4 5 7 8 10 | 10.4
Armour         | 3 4 5 6 |  6.3
Dodging        | 1 2 3 4 |  4.2
Shields        | 3 4 5 6 7 |  7.6
Fighting       | 4 5 6 |  6.9
Throwing       | 1 2 3 |  3.9
Stealth        | |  0.9
Invocations    | |  0.3

Action                   |  1- 3 |  4- 6 |  7- 9 | 10-12 || total
-------------------------+-------+-------+-------+-------++-------
Melee: War axe           |    88 |   115 |   482 |   379 ||  1064
       Kick              |       |    16 |   113 |   117 ||   246
Throw: Boomerang         |       |       |    40 |    41 ||    81
Invok: Heroism           |       |       |       |     4 ||     4
Evoke: Wand              |       |       |       |     1 ||     1
  Use: Potion            |     3 |       |       |     2 ||     5
       Scroll            |       |     9 |     4 |     8 ||    21
  Eat: Chunk             |     2 |     5 |    18 |    11 ||    36
       Ration            |       |       |       |     1 ||     1
Armor: Scale mail        |    33 |    47 |   107 |   112 ||   299
       Fire dragon scale |       |       |    46 |       ||    46
       Skin              |       |       |     3 |       ||     3
Dodge: Dodged            |    29 |    40 |   138 |    71 ||   278
Block: Kite shield       |    34 |    50 |   368 |   296 ||   748
       Reflection        |       |       |    26 |     8 ||    34
